 Dungeon Crawl Stone Soup version 0.18-a0-1347-gb9e2fb4 (webtiles) character file.

259664 namelastname112 the Grand Gadgeteer (level 19, -21/167 HPs)
             Began as a Yellow Draconian Artificer on Feb 17, 2016.
             Was the Champion of Pakellas.
             Demolished by a reaper
             ... wielding a +6 scythe of venom
              (30 damage)
             ... in the Vestibule of Hell on Feb 18, 2016.
             The game lasted 02:26:07 (55310 turns).

namelastname112 the Grand Gadgeteer (DrAr)         Turns: 55310, Time: 02:26:37

Health: -21/167    AC: 16    Str: 13    XL:     19   Next: 53%
Magic:  32/32      EV: 17    Int: 22    God:    Pakellas [******]
Gold:   449        SH:  0    Dex: 18    Spells: 2 memorised, 12 levels left

rFire  + + .     SeeInvis +     O - +9 rod of inaccuracy (9/15)
rCold  + + +     Gourm    .     (armour unavailable)
rNeg   . . .     Faith    +     (no shield)
rPois  .         Spirit   .     (helmet restricted)
rElec  .         Dismiss  .     a - +2 cloak {MR+}
rCorr  +         Reflect  .     H - +0 pair of gloves {Dex+3}
SustAt .         Harm     .     C - +0 pair of boots
MR     +++..                    B - amulet of faith
Stlth  +++.......               b - ring "Juabuuwn" {rC+ Str-4 Int+8 SInv Stlth+}
                                h - ring of Sajawnu {rCorr rC++ Dex-2 Slay+5}

@: lethally poisoned (-21 -> -36), extremely resistant to hostile enchantments,
fairly stealthy
A: spit acid, acid resistance, unfitting armour, talons 1, blink, blurry vision
1, fire resistance 2, magic resistance 1, shaggy fur 1, strong 1, acidic bite,
evolution 1, cold-blooded, AC +10
a: Spit Acid, Blink, Quick Charge, Device Surge, Renounce Religion
}: 1/15 runes: barnacled


You were in the Vestibule of Hell.
You worshipped Pakellas.
Pakellas was exalted by your worship.
You were not hungry.

You visited 6 branches of the dungeon, and saw 31 of its levels.
You also visited: Labyrinth, Sewer, Bailey and Ice Cave.

You collected 4236 gold pieces.
You spent 3618 gold pieces at shops.

Inventory:

Hand Weapons
 r - the +12 Glaive of Prune {chop}
   (You found it on level 1 of the Shoals)

   It inflicts extra damage upon your enemies.
 X - a +3 lajatang of speed
Armour
 a - a +2 cloak of magic resistance (worn)
 C - a +0 pair of boots (worn)
 H - a +0 pair of gloves of dexterity (worn)
Rods
 w - a +5 lightning rod (14/14)
   (Pakellas gifted it to you on level 4 of the Shoals)
 O - a +9 rod of inaccuracy (9/15) (weapon)
   (Pakellas gifted it to you on level 8 of the Dungeon)
 T - a +10 rod of shadows (18/18)
   (Pakellas gifted it to you on level 15 of the Dungeon)
Jewellery
 b - the ring "Juabuuwn" (right hand) {rC+ Str-4 Int+8 SInv Stlth+}
   (You found it in a labyrinth)

   [ring of stealth]

   It affects your strength (-4).
   It affects your intelligence (+8).
   It protects you from cold.
   It lets you see invisible.
   It makes you more stealthy.
 h - the ring of Sajawnu (left hand) {rCorr rC++ Dex-2 Slay+5}
   (You took it off a merfolk on level 4 of the Shoals)

   [ring of resist corrosion]

   It affects your dexterity (-2).
   It affects your accuracy and damage with ranged weapons and melee attacks
   (+5).
   It greatly protects you from cold.
 t - an uncursed ring of flight
 B - an amulet of faith (around neck)
 Q - an uncursed ring of protection from cold
Wands
 c - a wand of enslavement (10/24)
 d - a wand of heal wounds (4/9)
 e - a wand of disintegration (10/24)
 D - a wand of confusion (27/48)
 I - a wand of digging (6/24)
 L - a wand of iceblast (14/15)
 M - a wand of confusion (37/48)
 P - a wand of iceblast (4/15)
 R - a wand of polymorph (3/24)
 V - a wand of lightning (7/15)
Scrolls
 g - 15 scrolls of identify
 m - 2 scrolls of amnesia
 o - 6 scrolls of remove curse
 A - 4 scrolls of enchant armour
 G - a scroll of blinking
 J - 4 scrolls of fog
 N - 2 scrolls of magic mapping
 U - 7 scrolls of teleportation
 Y - a scroll of fear
Potions
 i - 2 potions of cancellation
 j - a potion of berserk rage
 k - 5 potions of agility
 p - 5 potions of brilliance
 q - 10 potions of curing
 s - 5 potions of might
 y - a potion of heal wounds
 F - 18 potions of magic
 S - a potion of ambrosia
 Z - a potion of cure mutation
Miscellaneous
 n - a phial of floods
 x - a phantom mirror
 E - a fan of gales (inert)
 W - a plain deck of summoning {drawn: 2}
Comestibles
 f - 20 bread rations
 u - 5 meat rations
 K - 17 fruits


   Skills:
 - Level 14.1 Fighting
   Level 1.0 Short Blades
 - Level 11.8(13.5) Maces & Flails
 * Level 12.2(13.8) Polearms
 - Level 11.3(15.0) Staves
 - Level 12.3 Dodging
 - Level 0.8 Stealth
   Level 7.1 Shields
 - Level 19.7 Evocations


You had 12 spell levels left.
You knew the following spells:

 Your Spells              Type           Power        Failure   Level  Hunger
a - Regeneration          Chrm/Necr      #.........   52%         3    ####...
b - Spectral Weapon       Hex/Chrm       #.......     52%         3    ####...


Dungeon Overview and Level Annotations

Branches:
Dungeon (15/15)            Temple (1/1) D:5            Lair (8/8) D:10
 Shoals (4/4) Lair:4        Snake (0/4) Lair:4        Slime (0/6) Lair:6
    Orc (2/2) D:12            Elf (0/3) Orc:2        Vaults (0/5) D:13
 Depths (0/5) D:15           Hell (1/1)
    Dis: Hell:1         Geh: Hell:1         Coc: Hell:1         Tar: Hell:1

Altars:
Ashenzari
Cheibriados
Dithmenos
Elyvilon
Fedhas
Gozag
Kikubaaqudgha
Makhleb
Nemelex Xobeh
Okawaru
Pakellas
Qazlal
Ru
Sif Muna
Trog
Vehumet
Xom
Zin
Beogh
Jiyva

Shops:
D:9 *   D:15 =   Orc:2 **:[%*

Portals:
Hell: Lair:8

Annotations:
Hell Geryon


Innate Abilities, Weirdness & Mutations

You can spit globs of acid.
You are resistant to acid.
Your golden yellow scales are hard (AC +10).
Your body does not fit into most forms of armour.
You have acidic saliva.
You are cold-blooded and may be slowed by cold attacks.
You have sharp toenails.
You can translocate small distances at will.
Scrolls take you a little longer to read.
Your flesh is very heat resistant.
You are resistant to hostile enchantments.
You are covered in fur (AC +1).
Your muscles are strong. (Str +2)
You evolve.


Message History

The hell beast barely misses you.
Your air elemental hits Geryon but does no damage.
Geryon winds a great silver horn.
Your air elemental hits Geryon but does no damage.
The rust devil completely misses you.
Your air elemental hits the reaper but does no damage.
The rust devil misses your air elemental. x2
The rust devil completely misses you. The hell beast bites you!!
* * * LOW HITPOINT WARNING * * *
The hell beast completely misses you.
The reaper hits you from afar with a scythe of protection!
* * * LOW HITPOINT WARNING * * *
The war gargoyle hits you with a morningstar of protection!
* * * LOW HITPOINT WARNING * * *
The red devil hits you from afar with a trident of piercing!
* * * LOW HITPOINT WARNING * * *
x2 The iron golem misses you.
The reaper hits you from afar with a scythe of venom!!
You die...
Pakellas says: Back to the drawing board!

...##...##...
...#...#...
.........
....948 ...E4
#.22# ##484##
#..@9.#
#...24..#
#..2...4..#
#.....E.....#
#.....E&......#
...............
...............
...............


You could see Geryon, 2 iron golems, 2 hell beasts, 2 reapers, 2 war gargoyles,
5 rust devils, a red devil and 3 friendly air elementals.

Vanquished Creatures
  An Ice Fiend (IceCv)
  A kraken (Shoals:4)
  Agnes (D:14)
  Ilsuiw (Shoals:4)
  Louise (Shoals:1)
  A stone giant (Orc:1)
  A dire elephant (Lair:8)
  Snorg (D:14)
  2 merfolk javelineers (Shoals:4)
  An ettin (D:15)
  2 merfolk impalers (Shoals:1)
  7 vault guards
  A fire dragon (D:11)
  5 hydras
  A minotaur (Lab)
  An ice dragon (Lair:2)
  A ghost crab (Lair:7)
  4 ogre magi
  A merfolk aquamancer (Shoals:1)
  An anaconda (shapeshifter) (D:13)
  Erica (Lair:1)
  4 centaur warriors
  A death knight (D:15)
  4 merfolk avatars
  3 satyrs
  3 alligator snapping turtles
  2 tengu warriors (D:14)
  A queen ant (Lair:5)
  4 sun demons (Lair:8)
  2 hell hogs (Lair:8)
  2 orc high priests
  2 deep trolls (Orc:2)
  4 unseen horrors
  10 sea snakes
  2 orc knights (Orc:1)
  2 orange crystal statues (D:12)
  A lindwurm (shapeshifter) (D:15)
  A phantasmal warrior (D:15)
  16 harpies
  The ghost of namelastname112 the Inquisitive, a novice DrAr of Pakellas (D:4)
  16 hill giants
  2 orc sorcerers
  3 wizards
  19 fauns
  3 water nymphs
  5 cyclopes
  9 griffons
  9 ugly things
  2 deep elf magi
  12 manticores
  5 sirens
  An elephant (shapeshifter) (D:13)
  2 black mambas
  A rust devil (Lair:8)
  29 elephants
  A smoke demon (Lair:8)
  3 ice statues
  11 spiny frogs
  3 orange demons (Lair:8)
  4 centaur skeletons
  3 kobold demonologists
  An efreet (D:14)
  7 komodo dragons
  5 fire drakes
  4 tengu conjurers
  14 ice devils
  3 freezing wraiths
  2 red devils (Lair:8)
  15 trolls
  34 merfolk
  4 polar bears
  8 snapping turtles
  4 wind drakes
  13 two-headed ogres
  8 blink frogs
  A slime creature (D:12)
  A boulder beetle (Lair:4)
  2 redbacks (Lab)
  A vampire (D:15)
  14 yaks
  10 water elementals
  Eustachio (D:5)
  A spriggan (D:8)
  A yak (shapeshifter) (D:15)
  3 wraiths
  2 wyverns
  3 steam dragons
  4 basilisks
  17 hippogriffs
  4 hungry ghosts
  6 vampire mosquitoes
  Edmund (D:3)
  A mottled dragon (D:15)
  2 wargs
  17 wolves
  12 soldier ants
  15 water moccasins
  16 porcupines
  13 ice beasts
  2 sky beasts
  4 black bears
  33 ogres
  29 orc warriors
  A wasp (D:12)
  4 phantoms
  2 necrophages
  21 centaurs
  14 crocodiles
  Blork the orc (D:4)
  24 giant frogs
  A wyvern zombie (D:8)
  3 scorpions
  5 killer bees
  15 wights
  2 electric eels
  8 crimson imps
  4 giant frog zombies
  5 centaur zombies
  17 orc priests
  5 hounds
  5 jellies
  20 orc wizards
  12 iguanas
  6 hell rats (Lair:3)
  40 worker ants
  28 sheep
  4 hound skeletons
  5 gnolls
  14 adders
  42 river rats
  3 shadow imps
  16 white imps
  9 ufetubi (IceCv)
  9 oozes
  2 adder skeletons
  6 worms
  10 giant geckos
  83 orcs
  15 ball pythons
  15 giant cockroaches
  13 goblins
  9 hobgoblins
  7 jackals
  7 quokkas
  8 bats
  11 giant newts
  19 kobolds
  A quokka zombie (D:8)
  40 rats
  A fungus (Lair:6)
  6 plants
  4 tentacles (Shoals:4)
  3 tentacle segments (Shoals:4)
1187 creatures vanquished.

Vanquished Creatures (collateral kills)
  Kirke (Lair:6)
  A dire elephant (Lair:8)
  A vault guard (D:15)
  3 merfolk javelineers
  5 merfolk impalers
  A hydra (D:15)
  2 merfolk avatars (Shoals:4)
  2 satyrs (Shoals:4)
  4 merfolk aquamancers
  A hell hog (Lair:8)
  A sun demon (Hell)
  A sea snake (Shoals:1)
  3 griffons
  11 harpies
  24 fauns
  4 water nymphs
  A sixfirhy (Lair:8)
  2 sirens (Shoals:2)
  Maurice (D:12)
  A rust devil (Lair:8)
  An elephant (Lair:7)
  An orange demon (Lair:8)
  An ice devil (Lair:8)
  2 komodo dragons
  12 merfolk
  A wind drake (Shoals:4)
  A snapping turtle (Shoals:4)
  6 blink frogs (Lair:6)
  12 water elementals
  2 hogs (Lair:6)
  A mottled dragon (D:12)
  6 wolves (Lair:7)
  2 soldier ants (Lair:5)
  A hell hound (Lair:8)
  3 orc warriors (D:12)
  2 centaurs
  An electric eel (Shoals:4)
  A giant frog zombie (D:12)
  4 orc priests (D:12)
  2 orc wizards
  4 worker ants
  A white imp (Lair:2)
  A giant gecko (D:7)
  12 orcs
  A giant gecko skeleton (D:7)
  2 plants (Shoals:4)
153 creatures vanquished.

Vanquished Creatures (others)
  A naga (Shoals:2)
  An ogre (D:4)
  A killer bee (D:14)
  2 crimson imps
  2 orc priests
  An adder (D:5)
  2 white imps (IceCv)
  3 ufetubi (IceCv)
  An orc (Orc:1)
  A bush (Lair:8)
  14 fungi
  56 plants
  6 tentacles (Shoals:4)
  243 tentacle segments (Shoals:4)
334 creatures vanquished.

Grand Total: 1674 creatures vanquished

Notes
Turn   | Place    | Note
--------------------------------------------------------------
     0 | D:1      | namelastname112 the Draconian Artificer began the quest for the Orb.
     0 | D:1      | Reached XP level 1. HP: 16/16 MP: 3/3
   302 | D:1      | Reached XP level 2. HP: 21/23 MP: 4/4
  1141 | D:2      | Reached XP level 3. HP: 29/29 MP: 5/5
  1280 | D:2      | Found a shattered altar of Ashenzari.
  1695 | D:3      | Reached skill level 4 in Evocations
  1695 | D:3      | Reached XP level 4. HP: 28/37 MP: 7/7
  1916 | D:3      | Found a glowing drain.
  1920 | Sewer    | Entered a sewer
  2380 | Sewer    | Reached XP level 5. HP: 44/44 MP: 8/8
  2707 | Sewer    | Reached skill level 5 in Evocations
  2764 | Sewer    | Reached XP level 6. HP: 39/51 MP: 9/9
  2903 | D:3      | Found a stormy altar of Qazlal.
  3425 | D:4      | Noticed namelastname112's ghost (novice DrAr)
  3428 | D:4      | Reached XP level 7. HP: 54/58 MP: 11/11
  3428 | D:4      | Your scales start taking on a golden yellow colour.
  3456 | D:5      | Entered Level 5 of the Dungeon
  3472 | D:5      | Noticed Eustachio
  3481 | D:5      | Found a stormy altar of Qazlal.
  3493 | D:5      | Killed Eustachio
  3493 | D:5      | Reached skill level 6 in Evocations
  4142 | D:5      | Found a staircase to the Ecumenical Temple.
  4154 | Temple   | Entered the Ecumenical Temple
  4212 | Temple   | Became a worshipper of Pakellas the Inventive
  4636 | D:5      | Found a shimmering altar of Xom.
  4799 | D:5      | Reached skill level 7 in Evocations
  4889 | D:5      | Reached skill level 5 in Fighting
  4889 | D:5      | Reached XP level 8. HP: 65/68 MP: 13/13
  5064 | D:3      | Reached * piety under Pakellas
  5412 | D:4      | Noticed Blork the orc
  5429 | D:4      | Killed Blork the orc
  5512 | D:4      | Noticed Edmund
  5531 | D:4      | Reached skill level 5 in Dodging
  5845 | D:3      | Killed Edmund
  5845 | D:3      | Reached skill level 1 in Polearms
  6241 | D:4      | Reached skill level 1 in Maces & Flails
  6261 | D:4      | Found an opulent altar of Gozag.
  6291 | D:4      | Killed namelastname112's ghost
  6291 | D:4      | Reached skill level 8 in Evocations
  6377 | D:4      | Reached XP level 9. HP: 47/75 MP: 15/15
  6392 | D:4      | Reached ** piety under Pakellas
  6392 | D:4      | Received a gift from Pakellas
  7562 | D:6      | Found a sparkling altar of Nemelex Xobeh.
  7562 | D:6      | Found a white marble altar of Elyvilon.
  8492 | D:7      | Reached *** piety under Pakellas
  8520 | D:7      | Reached skill level 9 in Evocations
  8947 | D:7      | Found an iron altar of Okawaru.
  9297 | D:8      | Found an ancient bone altar of Kikubaaqudgha.
  9365 | D:8      | Found a snail-covered altar of Cheibriados.
  9479 | D:8      | Reached skill level 5 in Maces & Flails
 10268 | D:8      | Reached XP level 10. HP: 77/85 MP: 17/17
 10644 | D:8      | Found a bloodstained altar of Trog.
 10644 | D:8      | Found a sacrificial altar of Ru.
 10691 | D:8      | Reached **** piety under Pakellas
 10691 | D:8      | Received a gift from Pakellas
 11104 | D:9      | Found a glowing silver altar of Zin.
 11104 | D:9      | Found Zin's Purification Station.
 11267 | D:9      | Reached skill level 10 in Evocations
 11410 | D:9      | Gained mutation: Your tail ends in a poisonous barb. [potion of mutation]
 11410 | D:9      | Gained mutation: You are weak. (Str -2) [potion of mutation]
 11410 | D:9      | Gained mutation: You can translocate small distances at will. [potion of mutation]
 11411 | D:9      | Lost mutation: You are weak. (Str -2) [potion of mutation]
 11411 | D:9      | Gained mutation: Your muscles are strong. (Str +2) [potion of mutation]
 11411 | D:9      | Gained mutation: Your flesh is heat resistant. [potion of mutation]
 11412 | D:9      | Gained mutation: You are covered in fur (AC +1). [potion of beneficial mutation]
 11413 | D:9      | Gained mutation: You evolve. [potion of beneficial mutation]
 11531 | D:9      | Found a deep blue altar of Sif Muna.
 11587 | D:10     | Entered Level 10 of the Dungeon
 11882 | D:10     | Found a blossoming altar of Fedhas.
 12341 | D:10     | Found a staircase to the Lair.
 12517 | D:10     | Noticed a hill giant
 12518 | D:10     | Identified a +8 rod of inaccuracy (12/12) (Pakellas gifted it to you on level 8 of the Dungeon)
 12528 | D:10     | Killed a hill giant
 12939 | D:10     | Killed an unseen horror
 13441 | D:11     | Noticed a cyclops
 13444 | D:11     | Killed a cyclops
 13535 | D:11     | Noticed a manticore
 13548 | D:11     | Reached XP level 11. HP: 45/94 MP: 19/19
 13766 | D:11     | Noticed a seven-headed hydra
 14586 | D:11     | Noticed a red ugly thing
 14604 | D:11     | Killed a red ugly thing
 14604 | D:11     | Reached skill level 11 in Evocations
 14829 | D:11     | Gained mutation: You are resistant to hostile enchantments. [evolution]
 15123 | D:11     | Noticed a fire dragon
 15313 | D:11     | Killed a fire dragon
 15416 | D:11     | Killed a seven-headed hydra
 15435 | D:11     | Identified the Almanac of Beguiling
 15628 | D:12     | Noticed a red ugly thing
 15699 | D:11     | Noticed a hill giant
 15710 | D:11     | Killed a hill giant
 16044 | D:12     | Killed a red ugly thing
 16260 | D:13     | Noticed a hill giant
 16265 | D:13     | Killed a hill giant
 16416 | D:13     | Found a gate to the Vaults.
 16416 | D:13     | Noticed a vault guard
 16416 | D:13     | Noticed a vault guard
 16416 | D:13     | Noticed a vault guard
 16416 | D:13     | Noticed a vault guard
 16416 | D:13     | Noticed a vault guard
 16417 | D:13     | Noticed a vault guard
 16419 | D:13     | Noticed a vault guard
 16421 | D:13     | Noticed a vault guard
 16749 | D:12     | Killed a vault guard
 17098 | D:13     | Killed a vault guard
 17098 | D:13     | Reached skill level 12 in Evocations
 17204 | D:12     | Noticed Maurice
 17246 | D:13     | Killed a vault guard
 17247 | D:13     | Killed a vault guard
 17247 | D:13     | Reached XP level 12. HP: 41/105 MP: 21/21
 17607 | D:13     | Reached skill level 10 in Maces & Flails
 17918 | D:12     | Reached ***** piety under Pakellas
 17947 | D:12     | Killed Maurice
 18175 | D:13     | Killed a vault guard
 18175 | D:13     | Reached skill level 1 in Shields
 18370 | D:12     | Found a roughly hewn altar of Beogh.
 18370 | D:12     | Found a staircase to the Orcish Mines.
 18524 | D:12     | Noticed a centaur warrior
 18532 | D:12     | Killed a centaur warrior
 18532 | D:12     | Reached skill level 10 in Fighting
 19404 | D:12     | Gained mutation: Your flesh is very heat resistant. [evolution]
 19595 | D:12     | Reached skill level 13 in Evocations
 20652 | Orc:1    | Entered Level 1 of the Orcish Mines
 20675 | Orc:2    | Entered Level 2 of the Orcish Mines
 20691 | Orc:2    | Found Eiotuaddi's Eclectic Emporium.
 20727 | Orc:2    | Found a staircase to the Elven Halls.
 20729 | Orc:2    | Found Uxulauss's Food Shoppe.
 20751 | Orc:1    | Found a flagged portal.
 20752 | Orc:1    | Noticed an orc high priest
 20760 | Bailey   | Entered a bailey
 21306 | Bailey   | Got an ancient falchion {freeze}
 21308 | Bailey   | Identified the +1 falchion of Fragile Peace {freeze, *Rage +Rage Str+5} (You took it off an orc warrior in a bailey)
 21671 | Orc:2    | Noticed an ogre mage
 21689 | Orc:1    | Reached XP level 13. HP: 91/114 MP: 23/23
 22823 | Orc:2    | Reached ****** piety under Pakellas
 22866 | Orc:1    | Received a gift from Pakellas
 24027 | Orc:2    | Reached skill level 5 in Shields
 24248 | Orc:2    | Reached skill level 14 in Evocations
 24306 | Orc:2    | Found Bapedudo's Assorted Antiques.
 24318 | Orc:2    | Found Noonasm's Book Shop.
 24320 | Orc:2    | Found Boligrin's General Store.
 24325 | Orc:2    | Found Vyguyjy's Antique Armour Emporium.
 24347 | Orc:2    | Bought an embroidered cloak for 126 gold pieces
 24347 | Orc:2    | Bought a pair of embroidered gloves for 126 gold pieces
 24462 | Orc:2    | Bought a manual of Evocations for 1766 gold pieces
 25204 | Orc:1    | Noticed a stone giant
 25208 | Orc:1    | Killed a stone giant
 25782 | Orc:1    | Found a roughly hewn altar of Beogh.
 26412 | D:13     | Killed a vault guard
 26412 | D:13     | Reached skill level 15 in Evocations
 26419 | D:13     | Gained mutation: You have acidic saliva. [Yellow Draconian growth]
 26419 | D:13     | Reached XP level 14. HP: 88/124 MP: 25/25
 27341 | D:14     | Noticed Sonja
 27431 | D:14     | Reached skill level 10 in Dodging
 27541 | D:14     | Noticed Snorg
 27547 | D:14     | Killed Snorg
 27584 | D:14     | Lost mutation: Your tail ends in a poisonous barb. [evolution]
 27780 | D:14     | Noticed Agnes
 27783 | D:14     | Killed Agnes
 27808 | D:14     | Reached skill level 16 in Evocations
 28814 | D:15     | Entered Level 15 of the Dungeon
 28841 | D:14     | Reached skill level 1 in Staves
 28933 | D:15     | Found Ciw Lub's Jewellery Shoppe.
 29613 | D:15     | Found a staircase to the Depths.
 30262 | D:15     | Reached skill level 17 in Evocations
 31108 | D:15     | Received a gift from Pakellas
 31233 | D:15     | Identified a +4 rod of shadows (14/14) (Pakellas gifted it to you on level 15 of the Dungeon)
 31377 | D:15     | Reached XP level 15. HP: 113/134 MP: 27/27
 31476 | D:15     | Found a sacrificial altar of Ru.
 31742 | D:14     | Noticed Sonja
 31742 | D:14     | Sonja changed into Sonja the soldier ant
 31750 | D:14     | Killed Sonja the soldier ant
 31957 | Lair:1   | Entered Level 1 of the Lair of Beasts
 32366 | Lair:1   | Noticed Erica
 32378 | Lair:1   | Killed Erica
 32378 | Lair:1   | Reached skill level 5 in Staves
 32599 | Lair:1   | Found a radiant altar of Vehumet.
 34898 | Lair:4   | Found a staircase to the Snake Pit.
 35028 | Lair:4   | Found a staircase to the Shoals.
 35816 | Lair:5   | Reached skill level 18 in Evocations
 36915 | Lair:6   | Noticed Kirke
 36928 | Lair:6   | Killed Kirke
 36928 | Lair:6   | Received a gift from Pakellas
 37047 | Lair:6   | Found a staircase to the Slime Pits.
 37048 | Lair:6   | Found a viscous altar of Jiyva.
 37815 | Lair:7   | Noticed Nessos
 37818 | Lair:7   | Noticed Nessos
 37818 | Lair:7   | Nessos changed into Nessos the ghost crab
 37830 | Lair:7   | Found a labyrinth entrance.
 37834 | Lab      | Entered a labyrinth
 38208 | Lab      | Got a smoking bone ring
 38209 | Lab      | Identified the ring "Juabuuwn" {rC+ Str-4 Int+8 SInv Stlth+} (You found it in a labyrinth)
 38265 | Lair:7   | Killed Nessos the ghost crab
 39461 | Lair:8   | Entered Level 8 of the Lair of Beasts
 39472 | Lair:8   | Reached XP level 16. HP: 135/144 MP: 29/29
 40340 | Lair:8   | Gained mutation: Scrolls take you a little longer to read. [evolution]
 40412 | Lair:8   | Found a burning altar of Makhleb.
 40742 | Lair:8   | Found a gateway to Hell.
 40878 | Lair:8   | Learned a level 3 spell: Regeneration
 40882 | Lair:8   | Learned a level 3 spell: Spectral Weapon
 41611 | Orc:2    | Bought a potion of experience for 800 gold pieces
 41611 | Orc:2    | Bought a potion of experience for 800 gold pieces
 41611 | Orc:2    | Reached XP level 17. HP: 149/151 MP: 30/30
 41612 | Orc:2    | Reached XP level 18. HP: 157/159 MP: 31/31
 41821 | Shoals:1 | Entered Level 1 of the Shoals
 41840 | Shoals:1 | Reached skill level 19 in Evocations
 42894 | Shoals:1 | Noticed Louise
 42947 | Shoals:1 | Killed Louise
 45032 | Shoals:1 | Hired Orrosa the naga for 169 gold.
 45332 | Shoals:2 | Your ally Orrosa died
 45655 | Shoals:2 | Received a gift from Pakellas
 46602 | Shoals:2 | Reached skill level 5 in Polearms
 47700 | Shoals:2 | Gained mutation: You have sharp toenails. [evolution]
 48046 | Shoals:3 | Found a frozen archway.
 48125 | IceCv    | Entered an ice cave
 48652 | IceCv    | Noticed an Ice Fiend
 48659 | IceCv    | Killed an Ice Fiend
 49577 | Shoals:3 | Reached XP level 19. HP: 130/167 MP: 32/32
 50106 | Shoals:4 | Entered Level 4 of the Shoals
 51705 | Shoals:4 | Got a barnacled rune of Zot
 52507 | Shoals:4 | Received a gift from Pakellas
 52562 | Shoals:4 | Reached skill level 10 in Polearms
 53523 | Shoals:4 | Identified a +10 rod of shadows (18/18) (supercharged by Pakellas)
 53681 | Shoals:4 | Got a flickering jade ring
 53685 | Shoals:4 | Identified the ring of Sajawnu {rCorr rC++ Dex-2 Slay+5} (You took it off a merfolk on level 4 of the Shoals)
 54211 | Shoals:4 | Noticed Ilsuiw
 54226 | Shoals:4 | Killed Ilsuiw
 54851 | Hell     | Entered the Vestibule of Hell
 54851 | Hell     | Noticed Geryon
 55310 | Hell     | Demolished by a reaper

Vault maps used:
D:1:      dpeg_arrival_brainrot, minivault_23
D:2:      lemuel_round_altar, first_bread
D:3:      wad_crossroads, overflow_temple_1_default, gup_sewer_entry_spiral,
          minmay_rats_cheesy_pizza
D:4:      nicolae_gozag_seed_capital, uniq_blork_the_orc, uniq_edmund
D:5:      led_xom_imps, minmay_temple_entry_crystal_x,
          nicolae_qazlal_eye_of_the_storm, uniq_eustachio
D:6:      gammafunk_temple_overflow_elements, eino_tiny_chamber,
          kennysheep_crisscross, nrook_loot_triangle, minivault_22
D:7:      basic_altar
D:8:      gammafunk_temple_overflow_wave, nicolae_overflow_hidden_temple,
          the_bakery, cheibriados_altar_1
D:9:      led_sif_pool, zin_purify
D:10:     minmay_lair_entry_lava, fedhas_altar_1
D:11:     kennysheep_island_fort
D:12:     four-leaf_vault, david_orc_5, minmay_more_statues, uniq_maurice
D:13:     erik_vaults_2
D:14:     minmay_misc_feat_plants, uniq_agnes, uniq_snorg, uniq_sonja
D:15:     hangedman_depths_entry_civil_slaughter, hangedman_ru_absence,
          serial_shops, shop
Temple:   minmay_temple_curvy_8
Lair:1:   basic_altar, uniq_erica
Lair:2:   ice2_lemuel
Lair:3:   grunt_megastairs_3, serial_bayou_shore_a
Lair:4:   minmay_shoals_entry_centaurs, guppyfry_snake_entry_garden,
          grunt_megastairs_4
Lair:5:   zaba_anthell, infiniplex_staircase_pool_2
Lair:6:   beast_lair_carwin_large_2, slime_altar_1, lemuel_fruit_tree,
          uniq_kirke
Lair:7:   lab_entry_generic, serial_bayou_shore_b, infiniplex_staircase_pool,
          uniq_nessos
Lair:8:   evil_forest, serial_forest, infiniplex_forest_pool,
          infiniplex_forest_straight_3, infiniplex_forest_clump_long,
          infiniplex_forest_clump_double
Shoals:1: uniq_louise
Shoals:3: portal_ice_cave_entry_imps
Shoals:4: shoals_end_grunt_garden, shoal_ilsuiw, nicolae_shoals_circle_sea_wall,
          nicolae_shoals_siren_and_animal_friends
Orc:1:    enter_bailey_2, nicolae_orc_lost_temple
Orc:2:    st_orc_open, serial_shops, shop, nicolae_alphabet_shops
Lab:      labyrinth_fake_exit, lab_statue, labyrinth_glass_1,
          labyrinth_lava_lair, nicolae_lab_grate_2, nicolae_lab_statue
Sewer:    sewer_frog_island_02
Bailey:   bailey_axe_4, bailey
IceCv:    ice_cave_small_demon

Action                   |  1- 3 |  4- 6 |  7- 9 | 10-12 | 13-15 | 16-18 | 19-21 || total
-------------------------+-------+-------+-------+-------+-------+-------+-------++-------
Melee: Short sword       |    41 |       |       |       |       |       |       ||    41
       Dagger            |    75 |   321 |   388 |       |       |       |       ||   784
       Flail             |       |       |   229 |   732 |   638 |       |       ||  1599
       Rod               |       |       |       |     5 |     2 |       |       ||     7
       Lajatang          |       |       |       |       |  1103 |   777 |   270 ||  2150
       Glaive            |       |       |       |       |       |       |    11 ||    11
Throw: Throwing net      |       |       |     1 |       |     2 |       |       ||     3
Invok: Quick Charge      |       |       |       |     3 |     5 |     4 |     2 ||    14
       Supercharge       |       |       |       |       |       |       |     1 ||     1
 Abil: Spit Acid         |       |       |    51 |    38 |    15 |     5 |    10 ||   119
       Evoke Flight      |       |       |       |     1 |     1 |     2 |     2 ||     6
       Evoke Berserk Rag |       |       |       |       |     6 |       |       ||     6
       Blink             |       |       |       |       |     1 |       |     1 ||     2
Evoke: Wand              |       |     4 |    22 |    71 |    37 |    18 |     6 ||   158
       Rod               |       |       |       |    62 |   168 |   116 |   139 ||   485
       Deck              |       |       |       |       |       |    10 |     2 ||    12
       Fan of gales      |       |       |       |       |       |       |     1 ||     1
  Use: Scroll            |       |       |    23 |    13 |    10 |     5 |     2 ||    53
       Potion            |       |       |       |     8 |       |     3 |     2 ||    13
 Stab: Sleeping          |     2 |     4 |     3 |       |     7 |     1 |       ||    17
       Petrified         |       |       |     2 |       |       |       |       ||     2
       Petrifying        |       |       |     1 |       |       |       |       ||     1
       Paralysed         |       |       |     1 |       |       |       |       ||     1
       Confused          |       |       |     1 |     9 |     4 |       |     1 ||    15
       Distracted        |       |       |     1 |       |     5 |     3 |     2 ||    11
       Held in net/web   |       |       |       |       |     2 |       |       ||     2
  Eat: Chunk             |     2 |     7 |    19 |    24 |    56 |    16 |    14 ||   138
       Bread ration      |       |       |     2 |     6 |       |       |       ||     8
       Beef jerky        |       |       |     1 |     1 |     3 |     5 |       ||    10
       Royal jelly       |       |       |     1 |       |     1 |       |       ||     2
       Pizza             |       |       |       |     2 |     2 |     1 |       ||     5
       Fruit             |       |       |       |       |     2 |       |     3 ||     5
       Meat ration       |       |       |       |       |     1 |     4 |     3 ||     8
